 Dungeon Crawl Stone Soup version 0.29.1-1-gd02db6906a (webtiles) character file.

Game seed: 13530815149426854912

9 sankara the Trooper (level 2, 24/24 HPs)
             Began as a Demonspawn Fighter on Oct 20, 2022.
             Got out of the dungeon alive.
             The game lasted 00:01:04 (380 turns).

sankara the Trooper (Demonspawn Fighter)             Turns: 380, Time: 00:01:05

Health: 24/24      AC:  6    Str: 16    XL:     2   Next: 6%
Magic:  2/2        EV:  8    Int:  9    God:
Gold:   7          SH:  4    Dex: 14    Spells: 1/1 levels left

rFire   . . .      SeeInvis .   a - +0 flail
rCold   . . .      Faith    .   c - +0 buckler
rNeg    . . .      Spirit   .   b - +0 scale mail
rPois   .          Reflect  .   (no helmet)
rElec   .          Harm     .   (no cloak)
rCorr   .          Rampage  .   (no gloves)
Will    .....                   (no boots)
Stlth   +.........              (no amulet)
HPRegen 0.08/turn               (no ring)
MPRegen 0.08/turn               (no ring)

@: no status effects
A: thin skeletal structure 1
a: no special abilities


You escaped.
You visited 1 branch of the dungeon, and saw 1 of its levels.

You collected 7 gold pieces.

Inventory:

Hand Weapons
 a - a +0 flail (weapon)
Missiles
 f - 6 boomerangs (quivered)
Armour
 b - a +0 scale mail (worn)
 c - a +0 buckler (worn)
Potions
 d - a potion of might
 e - 2 potions of brilliance {unknown}


   Skills:
 + Level 3.1 Fighting
 * Level 2.1 Maces & Flails
 + Level 2.8 Armour
 + Level 2.8 Shields


You had one spell level left.
You didn't know any spells.
Your spell library was empty.

Dungeon Overview and Level Annotations

Branches:
Dungeon (1/15)

Altars:


Innate Abilities, Weirdness & Mutations

You have a somewhat thin skeletal structure. (Dex +2, Stealth+)


Message History

Found a scale mail.
You now have 7 gold pieces.
You see here a +0 scale mail.
You open the door.
There is an open door here.
A giant cockroach comes into view.
A giant cockroach is nearby!
A giant cockroach is nearby!
You hit the giant cockroach.
You kill the giant cockroach!
You have reached level 2!
Your demonic ancestry asserts itself...
Your bones become slightly less dense.
You see here a giant cockroach corpse.
f - 6 boomerangs A quokka comes into view.
Found a stone staircase leading down.
The quokka moves out of view.
You can't go up here!
Unknown command.
The quokka closely misses you.
You closely miss the quokka. You block the quokka's attack.
The quokka bites you but does no damage.
You closely miss the quokka. You block the quokka's attack.
You closely miss the quokka.
The quokka bites you but does no damage.
You block the quokka's attack.
You hit the quokka.
The quokka is almost dead.
You block the quokka's attack.
The quokka bites you but does no damage.
You miss the quokka.
The quokka is almost dead.
The quokka completely misses you.
You hit the quokka.
You kill the quokka!
No target in view!
There is an open door here.
There is a staircase leading out of the dungeon here.
Are you sure you want to leave the Dungeon?
This will make you lose the game!
You have escaped!

#.#.#.#.#.#.#.#...##.#..
...............#####.#.#
.....#..........# #.#.#
.......#.......## #.#.#
....#....#......# #.#.
...........#...## #.#
...#.#.#.#...#..#
...............##
..#..#.@.#..#...#
...............##
.#...#.#.#.#....#
...#...........##
.....#....#.....
.......#.......#
.........#..... ......
......


There were no monsters in sight!

Vanquished Creatures
  A ball python (D:1)
  2 endoplasms (D:1)
  A giant cockroach (D:1)
  2 hobgoblins (D:1)
  A quokka (D:1)
7 creatures vanquished.

Notes
Turn   | Place    | Note
-------+----------+-------------------------------------------
     0 | D:1      | sankara the Demonspawn Fighter began the quest for the Orb.
     0 | D:1      | Reached XP level 1. HP: 18/18 MP: 1/1
   324 | D:1      | Gained mutation: You have a somewhat thin skeletal
                  | structure. (Dex +2, Stealth+) [demonic ancestry]
   324 | D:1      | Reached XP level 2. HP: 24/24 MP: 2/2
   380 | D:$      | Got out of the dungeon alive.

Illustrated notes

Levels and vault maps discovered:
D:1:      co_arrival_square_in_a_square_in_a_square, layout_basic,
          shapermc_ecumenical_altar_mp_highgroup

Skill      XL: |  1 |
---------------+----+-----
Maces & Flails | 2 |  2.1
Fighting       | |  3.1
Armour         | |  2.8
Shields        | |  2.8

Action                   || total
-------------------------++-------
Melee: Flail             ||    20
Armor: Scale mail        ||     7
Dodge: Dodged            ||     9
Block: Buckler           ||     6
